 Dungeon Crawl Stone Soup version 0.24.0-123-gd5b16e6ec5 (webtiles) character file.

Game seed: 17190264130292900659, levelgen mode: deterministic

10 FluffierThanThou the Skirmisher (level 2, -2/24 HPs)
             Began as a Demonspawn Fighter on Feb 3, 2020.
             Succumbed to a goblin's poison
             ... on level 1 of the Dungeon.
             The game lasted 00:00:37 (80 turns).

FluffierThanThou the Skirmisher (Demonspawn Fighter)  Turns: 80, Time: 00:00:38

Health: -2/24      AC:  6    Str: 21    XL:     2   Next: 10%
Magic:  2/2        EV:  7    Int:  9    God:
Gold:   0          SH:  9    Dex: 12    Spells: 1/1 levels left

rFire    . . .     SeeInvis .   a - +0 war axe
rCold    + . .     Gourm    .   c - +0 shield
rNeg     . . .     Faith    .   b - +0 scale mail
rPois    .         Spirit   .   (no helmet)
rElec    .         Reflect  .   (no cloak)
rCorr    .         Harm     .   (no gloves)
MR       .....                  (no boots)
Stlth    ..........             (no amulet)
HPRegen  0.08/turn              (no ring)
MPRegen  0.08/turn              (no ring)

@: mighty, lethally poisoned (-2 -> -25)
A: cold resistance 1
a: no special abilities


You were on level 1 of the Dungeon.
You were not hungry.

You visited 1 branch of the dungeon, and saw 1 of its levels.

Inventory:

Hand Weapons
 a - a +0 war axe (weapon)
Armour
 b - a +0 scale mail (worn)
 c - a +0 shield (worn)
Comestibles
 e - a ration {!d}
 f - 6 chunks of flesh


   Skills:
 * Level 3.2 Fighting
 + Level 1.9 Axes
 + Level 2.8 Armour
 + Level 2.8 Shields


You had one spell level left.
You didn't know any spells.
Your spell library was empty.

Dungeon Overview and Level Annotations

Branches:
Dungeon (1/15)

Altars:


Innate Abilities, Weirdness & Mutations

Your flesh is cold resistant. (rC+)


Message History

The bat hits you but does no damage.
You hit the bat.
You kill the bat!
You have reached level 2!
Your demonic ancestry asserts itself...
You feel resistant to cold.
You butcher the hobgoblin corpse.
f - 6 chunks of flesh (gained 4)
Things that are here:
a +0 club; a hobgoblin skeleton
Things that are here:
a +0 club; a hobgoblin skeleton A goblin comes into view.
It is wielding a +1 dagger of venom.
The goblin hits you but does no damage.
You are poisoned.
You miss the goblin.
You feel sick. The goblin hits you but does no damage.
You are more poisoned.
The goblin hits you but does no damage.
Your shield prevents you from hitting the goblin.
You feel sick. The goblin barely misses you.
You closely miss the goblin.
You feel sick. The goblin hits you but does no damage.
You are lethally poisoned!
The goblin completely misses you.
You closely miss the goblin.
* * * LOW HITPOINT WARNING * * *
You feel sick. You block the goblin's attack.
You closely miss the goblin.
* * * LOW HITPOINT WARNING * * *
You feel sick. The goblin hits you but does no damage.
The goblin closely misses you.
You barely miss the goblin.
* * * LOW HITPOINT WARNING * * *
You feel sick.
The goblin hits you with a +1 dagger of venom.
* * * LOW HITPOINT WARNING * * *
You completely miss the goblin.
* * * LOW HITPOINT WARNING * * *
You feel sick. The goblin hits you but does no damage.
You are more poisoned.
You block the goblin's attack.
You feel very mighty all of a sudden.
* * * LOW HITPOINT WARNING * * *
You feel sick.
The goblin hits you with a +1 dagger of venom.
* * * LOW HITPOINT WARNING * * *
You are more poisoned.
You slash the goblin!
You kill the goblin!
You die...

########.♣≈.≈≈≈P#.#
#.........≈≈P≈≈...#
#........≈.≈≈≈≈.....
#......)..≈≈≈≈≈P..##
####........≈≈≈≈≈≈....#
...........♣≈≈≈≈≈......
##........P≈P≈.≈≈P....
..#.........≈≈≈≈P≈....
.......@....♣.≈.♣....
#.#...$)......PP.... #
#...............
.............##..
###....[.......
........)...##
####.........#
#..........


There were no monsters in sight!

Vanquished Creatures
  A dart slug (D:1)
  A goblin (D:1)
  A hobgoblin (D:1)
  A ball python (D:1)
  3 bats (D:1)
  A rat (D:1)
8 creatures vanquished.

Notes
Turn   | Place    | Note
-------+----------+-------------------------------------------
     0 | D:1      | FluffierThanThou the Demonspawn Fighter began the quest for
                  | the Orb.
     0 | D:1      | Reached XP level 1. HP: 18/18 MP: 1/1
    63 | D:1      | Gained mutation: Your flesh is cold resistant. (rC+)
                  | [demonic ancestry]
    63 | D:1      | Reached XP level 2. HP: 16/24 MP: 2/2
    79 | D:1      | HP: 1/24 [goblin/+1 dagger of venom (3)]
    80 | D:1      | Succumbed to a goblin's poison

Levels and vault maps discovered:
D:1:      lightli_arrival_statuegarden, layout_rooms, serial_bayou,
          serial_bayou_pond_e, serial_bayou_crossing, serial_bayou_pond_a,
          serial_bayou_pond_b, serial_bayou_pond_d

Action                   || total
-------------------------++-------
Melee: War axe           ||    28
  Use: Potion            ||     1
Armor: Scale mail        ||    19
Dodge: Dodged            ||    15
Block: Shield            ||    14
